 Dungeon Crawl Stone Soup version 0.30.1-4-g462c640d31 (webtiles) character file.

Game seed: 6871762235625029095

1699185 LordWeiramon the Conqueror (level 27, 210/210 HPs)
             Began as an Armataur Artificer on Sept 15, 2023.
             Was the Champion of the Shining One.
             Escaped with the Orb
             ... and 3 runes on Sept 16, 2023!
             The game lasted 04:51:45 (70138 turns).

LordWeiramon the Conqueror (Armataur Artificer)    Turns: 70138, Time: 04:51:46

Health: 210/210    AC: 48    Str: 34    XL:     27
Magic:  20/20      EV: 29    Int: 15    God:    the Shining One [******]
Gold:   4552       SH: 24    Dex: 20    Spells: 25/26 levels left

rFire   + + .        a - +9 sacred scourge (holy)
rCold   + + .        U - +2 tower shield
rNeg    + + +        O - +10 storm dragon scales {Bai Suzhen}
rPois   +            C - +2 helmet of Kobarott {rF+ rC+ SInv}
rElec   +            s - +2 cloak {rCorr}
rCorr   +            F - +2 pair of gloves of Context {Int+4 Dex+2}
SInv    +            y - +1 barding of Ennui {Rampage Will+ rCorr Str+2}
Will    +++..        D - amulet "Goannem" {Spirit rPois rC+ Str+4} Stlth
                     X - ring "Binychim" {rF+ EV+5 Str+3 Slay+2}
HPRegen 0.55/turn    V - ring of the Hare {EV+10}
MPRegen 0.17/turn

%: guardian spirit, roll
@: glowing
A: large, rugged brown scales 3, deformed body, armoured tail, roll, long
tongue, awkward tongue, stinger 1, deterioration 1, frail 3, low MP 1, screaming
1, shaggy fur 1, no potion heal 1
0: Orb of Zot
}: 3/15 runes: serpentine, barnacled, silver
a: Renounce Religion, Divine Shield, Cleansing Flame, Summon Divine Warrior


You escaped.
You worshipped the Shining One.
The Shining One was exalted by your worship.
You visited 10 branches of the dungeon, and saw 50 of its levels.
You visited 2 bazaars.
You also visited: Trove and Ice Cave.

You collected 9082 gold pieces.
You spent 4530 gold pieces at shops.

Inventory:

Hand Weapons
 a - a +9 sacred scourge of holy wrath (weapon)
 b - a +9 eveningstar of freezing
Missiles
 f - 5 throwing nets (quivered)
Armour
 s - a +2 cloak of preservation (worn)
 y - the +1 barding of Ennui (worn) {Rampage Will+ rCorr Str+2}
   (You acquired it on level 5 of the Lair of Beasts)

   Str:       It affects your strength (+2).
   rCorr:     It protects you from acid and corrosion.
   Rampage:   It bestows one free step when moving towards enemies.
   Will:      It increases your willpower.
 C - the +2 helmet of Kobarott (worn) {rF+ rC+ SInv}
   (You found it on level 5 of the Lair of Beasts)

   rF:        It protects you from fire.
   rC:        It protects you from cold.
   SInv:      It lets you see invisible.
 F - the +2 pair of gloves of Context (worn) {Int+4 Dex+2}
   (You found it on level 3 of the Elven Halls)

   Int:       It affects your intelligence (+4).
   Dex:       It affects your dexterity (+2).
 O - +10 storm dragon scales (worn) {Bai Suzhen}
 U - a +2 tower shield (worn)
Jewellery
 D - the amulet "Goannem" (around neck) {Spirit rPois rC+ Str+4}
   (You took it off a deep elf high priest on level 3 of the Elven Halls)

   [amulet of guardian spirit]

   It causes incoming damage to be divided between your reserves of health and
   magic.
   Str:       It affects your strength (+4).
   rC:        It protects you from cold.
   rPois:     It protects you from poison.
 N - a ring of flight
 T - the ring of Qazlal's Favour {rC+ rCorr EV+5 Stlth+}
   (You found it on level 5 of the Lair of Beasts)

   [ring of evasion]

   EV:        It affects your evasion (+5).
   rC:        It protects you from cold.
   rCorr:     It protects you from acid and corrosion.
   Stlth:     It makes you more stealthy.
 V - the ring of the Hare (right hand) {EV+10}
   (You found it on level 3 of the Vaults)

   [ring of evasion]

   EV:        It affects your evasion (+10).
 X - the ring "Binychim" (left hand) {rF+ EV+5 Str+3 Slay+2}
   (You took it off a frost giant on level 5 of the Vaults)

   [ring of evasion]

   EV:        It affects your evasion (+5).
   Str:       It affects your strength (+3).
   Slay:      It affects your accuracy & damage with ranged weapons and melee
   (+2).
   rF:        It protects you from fire.
Wands
 d - a wand of charming (91)
 e - a wand of iceblast (31)
 G - a wand of quicksilver (12)
 I - a wand of flame (99)
 J - a wand of mindburst (21)
 M - a wand of digging (7)
 Q - a wand of polymorph (23)
Scrolls
 j - 9 scrolls of fog
 l - 2 scrolls of silence
 p - 23 scrolls of teleportation
 r - 16 scrolls of poison
 u - 9 scrolls of vulnerability
 w - 5 scrolls of magic mapping
 x - 14 scrolls of blinking
 A - 8 scrolls of immolation
 K - 12 scrolls of fear
 R - 10 scrolls of amnesia
 S - a scroll of summoning
 Z - 2 scrolls of enchant weapon
Potions
 c - a potion of resistance
 g - 18 potions of curing
 h - 8 potions of flight
 k - 9 potions of mutation
 n - 7 potions of brilliance
 o - 7 potions of magic
 v - 14 potions of attraction
 B - 13 potions of heal wounds
 E - 4 potions of might
 H - 6 potions of ambrosia
 L - 6 potions of haste
 P - 3 potions of cancellation
 W - 7 potions of berserk rage
Miscellaneous
 i - a box of beasts
 m - a phantom mirror
 q - a phial of floods
 z - a lightning rod (4/4)


   Skills:
 O Level 27 Fighting
 O Level 27 Maces & Flails
 - Level 20.1 Armour
 + Level 16.1 Dodging
 - Level 1.1 Stealth
 - Level 19.0 Shields
 - Level 3.0 Evocations


You had 25 spell levels left.
You knew the following spells:

 Your Spells              Type           Power      Damage    Failure   Level
a - Magic Dart            Conj           0%         1d3       69%         1

Your spell library contained the following spells:

 Spells                   Type           Power      Damage    Failure   Level
 Apportation              Tloc           0%         N/A       69%         1
 Beastly Appendage        Tmut           0%         N/A       69%         1
 Freeze                   Ice            0%         1d3       69%         1
 Kiss of Death            Conj/Necr      0%         2d5       69%         1
 Necrotise                Necr           0%         1d4       69%         1
 Slow                     Hex            0%         N/A       69%         1
 Sting                    Tmut/Pois      0%         1d3       69%         1
 Summon Small Mammal      Summ           0%         N/A       69%         1
 Call Imp                 Summ           0%         N/A       83%         2
 Cigotuvi's Dreadful Rot  Necr/Pois/Air  0%         N/A       83%         2
 Ensorcelled Hibernation  Hex/Ice        0%         N/A       83%         2
 Lesser Beckoning         Tloc           0%         N/A       83%         2
 Momentum Strike          Conj/Tloc      0%         3d8       83%         2
 Passwall                 Tmut/Erth      0%         N/A       83%         2
 Poisonous Vapours        Pois/Air       0%         N/A       83%         2
 Searing Ray              Conj           0%         2d4       83%         2
 Static Discharge         Conj/Air       0%         2-2/arc   83%         2
 Sublimation of Blood     Necr           0%         N/A       83%         2
 Wereblood                Tmut           0%         N/A       83%         2
 Call Canine Familiar     Summ           0%         N/A       96%         3
 Confusing Touch          Hex            0%         N/A       96%         3
 Dazzling Flash           Conj/Hex       0%         N/A       96%         3
 Frozen Ramparts          Ice            0%         1d1       96%         3
 Hailstorm                Conj/Ice       0%         3d3       96%         3
 Ignite Poison            Fire/Tmut/Pois 0%         N/A       96%         3
 Mephitic Cloud           Conj/Pois/Air  0%         N/A       96%         3
 Ozocubu's Armour         Ice            0%         N/A       96%         3
 Spider Form              Tmut/Pois      0%         N/A       96%         3
 Swiftness                Air            0%         N/A       96%         3
 Teleport Other           Tloc           0%         N/A       96%         3
 Tukima's Dance           Hex            0%         N/A       96%         3
 Vampiric Draining        Necr           0%         2d6       96%         3
 Vhi's Electric Charge    Tloc/Air       0%         N/A       96%         3
 Volatile Blastmotes      Fire/Tloc      0%         2d10      96%         3
 Anguish                  Hex/Necr       0%         N/A       100%        4
 Animate Armour           Summ/Erth      0%         N/A       100%        4
 Dispel Undead            Necr           0%         3d6       100%        4
 Fulminant Prism          Conj/Hex       0%         3d5       100%        4
 Ice Form                 Ice/Tmut       0%         N/A       100%        4
 Iskenderun's Mystic Bla  Conj/Tloc      0%         2d3       100%        4
 Leda's Liquefaction      Hex/Erth       0%         N/A       100%        4
 Manifold Assault         Tloc           0%         N/A       100%        4
 Olgreb's Toxic Radiance  Pois           0%         N/A       100%        4
 Passage of Golubria      Tloc           0%         N/A       100%        4
 Petrify                  Tmut/Erth      0%         N/A       100%        4
 Sticky Flame             Conj/Fire      0%         2d3       100%        4
 Summon Lightning Spire   Summ/Air       0%         N/A       100%        4
 Blade Hands              Tmut           0%         N/A       100%        5
 Freezing Cloud           Conj/Ice/Air   0%         6-21      100%        5
 Irradiate                Conj/Tmut      0%         3d11      100%        5
 Metabolic Englaciation   Hex/Ice        0%         N/A       100%        5
 Summon Forest            Summ/Tloc      0%         N/A       100%        5
 Summon Mana Viper        Hex/Summ       0%         N/A       100%        5
 Yara's Violent Unravell  Hex/Tmut       0%         3d3       100%        5
 Eringya's Noxious Bog    Tmut/Pois      0%         N/A       100%        6
 Simulacrum               Ice/Necr       0%         N/A       100%        6
 Starburst                Conj/Fire      0%         6d3       100%        6
 Statue Form              Tmut/Erth      0%         N/A       100%        6
 Summon Cactus Giant      Summ           0%         N/A       100%        6
 Malign Gateway           Summ/Tloc      0%         N/A       100%        7
 Spellforged Servitor     Conj/Summ      0%         N/A       100%        7
 Storm Form               Tmut/Air       0%         N/A       100%        7
 Summon Hydra             Summ           0%         N/A       100%        7
 Discord                  Hex            0%         N/A       100%        8
 Ignition                 Fire           0%         3d3       100%        8
 Maxwell's Capacitive Co  Air            0%         ∞         100%        8
 Chain Lightning          Conj/Air       0%         N/A       100%        9
 Dragon's Call            Summ           0%         N/A       100%        9
 Fire Storm               Conj/Fire      0%         5d1       100%        9
 Shatter                  Erth           0%         3d5*      100%        9


Dungeon Overview and Level Annotations

Branches:
Dungeon (15/15)            Temple (0/1) D:4            Lair (5/5) D:8
 Shoals (4/4) Lair:2        Snake (4/4) Lair:3        Slime (0/5) Lair:5
    Orc (2/2) D:11            Elf (3/3) Orc:2        Vaults (5/5) D:13
  Crypt (3/3) Vaults:2       Tomb (0/3) Crypt:3      Depths (4/4) D:15
    Zot (5/5) Depths:4      IceCv (visited)

Altars:
Cheibriados
Gozag
Kikubaaqudgha
Nemelex Xobeh
Vehumet
Wu Jian
Yredelemnul
The Shining One
Jiyva

Shops:
D:4 *   D:7 :   D:8 (   D:9 **(=   Orc:2 :=:=*   Elf:1 ?   Shoals:1 (*
Shoals:2 (   Snake:2 ?*[==   Snake:3 *   Snake:4 ::=   Vaults:2 [   Vaults:4 *

Portals:
Hell: Depths:1 Depths:2 Depths:3 Depths:4
Abyss: Depths:1 Depths:3 Depths:4
Pandemonium: Depths:2
Ziggurat: Depths:2

Annotations:
Zot:2 2 transporters, exclusion: orange crystal statue, Ruadefo's ghost, veteran FeEE


Innate Abilities, Weirdness & Mutations

You are completely covered in rugged brown scales. (AC +3, +7% HP)
Armour fits poorly on your strangely shaped body.
You have a long armoured tail.
You roll when moving toward enemies. (Rampage)
Your long tongue fully drains potion bottles. (2x potion effects)
Your tongue gives you trouble enunciating. (1.5x scroll delay)
Your tail ends in a venomous barb.
Your body sometimes deteriorates upon taking damage.
You are extremely frail. (-30% HP)
Your magical capacity is low. (-10% MP)
You occasionally shout uncontrollably at your foes.
You are covered in fur. (AC +1)
Potions are less effective at restoring your health.


Message History

The sun demon hits you.
You are engulfed in flames.
You resist.
Unknown command.
You whack the sun demon!
The sun demon convulses!
You tail-slap the sun demon!
The sun demon is heavily wounded.
You block the sun demon's attack. The sun demon closely misses you.
You hit the sun demon but do no damage.
The sun demon is heavily wounded.
You block the sun demon's attack. x2; The sun demon misses you.
You closely miss the sun demon. You tail-slap the sun demon!!
The sun demon is almost dead.
You block the sun demon's attack. x2; The sun demon misses you.
You hit the sun demon.
You kill the sun demon!
The Shining One accepts your kill.
You feel better.
You feel your intelligence returning.
You thrash the sun demon!!
The sun demon convulses!!
Your tail-slap misses the sun demon.
The sun demon is severely wounded.
You block the sun demon's attack. x2
You punish the sun demon, causing immense pain!!!
You kill the sun demon!
The Shining One accepts your kill. You block the sun demon's attack.
You punish the sun demon, causing immense pain!!!
You kill the sun demon!
The Shining One accepts your kill.
(D) Dungeon (T) Temple (L) Lair (A) Shoals (P) Snake Pit (M) Slime Pits (O) Orcish Mines (E) Elven Halls (V) Vaults (C) Crypt (W) Tomb (U) Depths (H) Hell (Z) Zot
Where to? (Enter - D:1, ? - help)
Items here: ))))))).
There is a stone staircase leading up here.
You climb upwards.
There is a stone staircase leading down here.
Things that are here:
a +0 animal skin; a +0 club
There is a staircase leading out of the dungeon here.
You have escaped!

....>[......§.§.#...≈..........##
...####..#...≈..#..≈...#.......#
..(# #....#..≈..#..≈..#.....####
...# #.....#§§§§#.≈..#§.....#
...# #..≈...#.§§#§≈.#..§§...#
...# #...≈≈.§#§§.≈.#..≈§....#
...# #.....≈≈.#...#.≈≈......#
...# #......§≈§....≈........#####
...# #.######...@...######.......
...# #.......≈.....≈.....)....###
...###.....§≈.#...#.≈≈..........#
.........≈≈..#.≈.≈§#..≈≈...#.....
...##...≈.[.#.§.#.§.#...≈..#....#
######.....#.§§§#.§§.#.....#.####
#....#..≈§§#§§≈..#....#.####
##..#...≈§.#..§§..#........'
#.....≈...#...≈...........#


There were no monsters in sight!

Vanquished Creatures
  4 dread liches (Zot:5)
  The ghost of Buqaf the Gelid, a master GnWn of Vehumet (Zot:4)
  9 orbs of fire
  6 ancient liches
  A juggernaut (Depths:3)
  Mara (Depths:2)
  Sojobo (Vaults:2)
  Frederick (Depths:4)
  4 Killer Klowns
  Margery (Depths:4)
  Bai Suzhen (Elf:3)
  Saint Roka (Vaults:4)
  5 caustic shrikes
  Vashnia (Snake:3)
  3 curse toes
  2 profane servitors (Crypt:3)
  Nikola (Shoals:3)
  13 golden dragons
  A bone dragon (Zot:2)
  6 electric golems
  2 doom hounds (Crypt:2)
  A pandemonium lord (D:3)
  17 tentacled monstrosities
  Grunn (Crypt:2)
  6 liches
  A walking crystal tome (Depths:4)
  26 Orb Guardians
  Mlioglotl (Shoals:4)
  6 titans
  10 quicksilver dragons
  A walking divine tome (Depths:4)
  Polyphemus (Shoals:3)
  3 deep elf master archers (Elf:3)
  A walking frostbound tome (Depths:3)
  7 death cobs
  2 walking earthen tomes (Depths:3)
  8 ancient champions
  4 deep elf blademasters
  Frances (D:13)
  9 sphinxes
  6 tengu reavers
  Roxanne (Shoals:3)
  13 storm dragons
  10 shadow dragons
  4 draconian knights
  3 revenants
  14 frost giants
  6 nagarajas
  Donald (Orc:2)
  14 draconian monks
  2 iron dragons
  Louise (Depths:1)
  7 fire giants
  A balrug (D:2)
  18 vault wardens
  5 draconian scorchers
  9 deep elf sorcerers
  An orc warlord (Vaults:3)
  Aizul (Snake:3)
  A juggernaut zombie (Crypt:3)
  4 curse skulls
  9 deep elf elementalists
  6 draconian shifters
  4 ghost moths
  A reaper (Crypt:1)
  A war gargoyle (Vaults:4)
  4 spriggan defenders
  6 draconian annihilators
  A quicksilver ooze (shapeshifter) (D:15)
  4 draconian stormcallers
  18 ironbound preservers
  12 ghouls
  12 stone giants
  A juggernaut skeleton (Crypt:3)
  4 ironbound thunderhulks
  11 vampire knights
  8 green draconians
  12 black draconians
  15 deep elf annihilators
  15 very ugly things
  A rockslime zombie (Crypt:3)
  7 deep elf demonologists
  13 white draconians
  9 dire elephants
  7 purple draconians
  16 yellow draconians
  A minotaur (Shoals:4)
  10 red draconians
  5 eidola
  The ghost of Shake04 the Fighter, a journeyman VSFi of Makhleb (Lair:5)
  5 spark wasps (Depths:2)
  Snorg (D:12)
  10 ettins
  7 merfolk impalers
  2 mummy priests (Crypt:3)
  8 jiangshi
  2 crystal guardians (Vaults:4)
  8 merfolk javelineers
  6 yaktaur captains
  15 deep elf death magi
  2 entropy weavers
  8 great orbs of eyes
  2 spriggan zombies
  7 fire dragons
  8 deep elf high priests
  3 rakshasas (Depths:1)
  2 salamander tyrants (Snake:4)
  7 hydras
  A fenstrider witch zombie (Crypt:2)
  Erolcha (D:13)
  2 peacekeepers (Vaults:4)
  33 vault guards
  A hydra (shapeshifter) (Vaults:5)
  9 spriggan air magi
  11 ice dragons
  4 merfolk avatars
  2 alligator snapping turtles
  3 ogre magi
  3 catoblepae
  16 ironbound frosthearts
  2 boulder beetles
  2 death knights
  Erica (Lair:2)
  A two-headed ogre (shapeshifter) (Vaults:5)
  11 centaur warriors
  A spriggan skeleton (Crypt:3)
  15 naga warriors
  3 merfolk aquamancers
  35 dancing weapons
  12 satyrs (Shoals:4)
  13 anacondas
  8 vampire magi
  9 deep troll shamans
  12 death yaks
  3 two-headed ogres
  5 orc high priests
  11 deep troll earth magi
  9 tengu warriors
  Urug (D:13)
  2 titan zombies
  2 spriggan berserkers
  A soul eater (Crypt:2)
  25 hell knights
  7 iron trolls
  8 shock serpents
  12 naga sharpshooters
  15 deep elf knights
  32 skeletal warriors
  4 sun demons (D:2)
  7 salamander mystics
  A shadow wraith (Vaults:5)
  7 skysharks
  A death drake (shapeshifter) (Depths:3)
  A quicksilver dragon simulacrum (Crypt:2)
  3 glowing orange brains
  A deep troll (shapeshifter) (Depths:2)
  A sixfirhy (D:9)
  4 naga ritualists
  11 sea snakes
  6 flayed ghosts
  An orange crystal statue (IceCv)
  16 ironbound convokers
  46 deep trolls
  15 deep elf archers
  14 wizards
  2 bunyip skeletons
  14 orc knights
  A goliath frog zombie (Crypt:2)
  A spriggan simulacrum (D:15)
  5 lindwurms
  A harpy (shapeshifter) (Vaults:5)
  25 harpies
  3 bog bodies (Crypt:2)
  A broodmother zombie (Crypt:3)
  11 necromancers
  16 phantasmal warriors
  34 deep elf zephyrmancers
  3 orc sorcerers
  Pikel (D:8)
  9 mana vipers
  29 deep elf pyromancers
  A shining eye (shapeshifter) (Depths:3)
  12 fauns
  11 cyclopes
  17 manticores
  18 salamanders
  A frost giant zombie (Crypt:2)
  41 ugly things
  A moth of wrath (shapeshifter) (Vaults:5)
  2 guardian serpents
  17 vault sentinels
  19 elephants
  4 merfolk sirens
  Maurice (D:12)
  40 moths of wrath
  33 black mambas
  A gargoyle (D:12)
  9 naga magi
  An eye of devastation (Snake:3)
  An unseen horror (D:8)
  11 cane toads
  An elf skeleton (Vaults:4)
  2 torpor snails
  2 elephant slug zombies (Crypt:2)
  12 komodo dragons
  7 rime drakes (IceCv)
  2 centaur skeletons (Crypt:2)
  An ice devil (Depths:2)
  A pale draconian zombie (Crypt:1)
  7 tengu conjurers
  2 human skeletons
  A mana viper zombie (Crypt:1)
  6 freezing wraiths
  32 yaktaurs
  An anaconda simulacrum (D:15)
  5 guardian mummies (Crypt:3)
  A grey draconian skeleton (Crypt:2)
  An iron troll zombie (Crypt:3)
  An iron troll skeleton (Crypt:2)
  8 trolls
  The ghost of tyreese12 the Trooper, an amateur MiCK of Nemelex Xobeh (D:5)
  30 merfolk
  10 polar bears
  An unseen horror skeleton (Crypt:2)
  A yaktaur skeleton (Vaults:4)
  A wind drake (shapeshifter) (Vaults:5)
  A harpy zombie (Crypt:3)
  A human zombie (Vaults:3)
  A hydra skeleton (Crypt:3)
  A tarantella (shapeshifter) (Elf:1)
  A tyrant leech (shapeshifter) (D:9)
  10 snapping turtles
  2 hornets (D:9)
  Grinder (D:6)
  14 blink frogs
  An ettin zombie (Crypt:3)
  4 wind drakes
  16 dream sheep
  2 deep troll zombies
  35 slime creatures
  A jumping spider zombie (Crypt:1)
  5 large abominations (Elf:2)
  An ettin skeleton (Crypt:2)
  A jumping spider (Vaults:1)
  A spriggan (shapeshifter) (D:9)
  4 air elementals
  A culicivora (shapeshifter) (Depths:3)
  3 flying skulls (Crypt:1)
  A merfolk skeleton (Crypt:2)
  A centaur simulacrum (D:13)
  15 humans (D:12)
  3 wraiths
  51 yaks
  2 shadows
  A dire elephant simulacrum (D:15)
  20 water elementals
  5 wyverns
  6 fire elementals
  A basilisk (Lair:3)
  14 vampire mosquitoes
  A yak (shapeshifter) (D:15)
  7 small abominations (Elf:2)
  A chaos spawn (Zot:5)
  A minotaur simulacrum (D:15)
  2 harpy simulacra (D:15)
  3 wargs
  A fire bat zombie (Crypt:3)
  40 nagas
  A naga zombie (Crypt:1)
  2 floating eyes (Depths:2)
  8 water moccasins
  A naga skeleton (Crypt:3)
  An acid dragon (D:9)
  A floating eye (shapeshifter) (D:9)
  2 sky beasts
  35 orc warriors
  A water nymph skeleton (Crypt:1)
  An ice beast (D:6)
  4 black bears
  A sky beast (shapeshifter) (D:13)
  6 ogres
  18 wolves
  5 centaurs
  3 phantoms
  5 kobold brigands
  A wyvern zombie (Crypt:3)
  A necrophage (Crypt:2)
  13 bullfrogs
  4 earth elementals
  2 gnoll sergeants
  2 scorpions
  10 wights
  10 killer bees
  2 lindwurm simulacra (D:15)
  5 howler monkeys
  3 jellies
  26 orc priests
  6 hounds
  A gnoll bouda (Orc:2)
  Natasha (thrice) (D:4)
  4 iguanas
  16 orc wizards
  4 hell rats (Lair:2)
  2 deep dwarf zombies (Crypt:1)
  3 human simulacra
  12 mummies (Crypt:3)
  Robin (D:1)
  16 gnolls
  5 adders
  4 ufetubi (D:5)
  A jelly zombie (Crypt:1)
  2 worms (D:3)
  58 orcs
  A ball python (shapeshifter) (Vaults:5)
  5 ball pythons
  6 endoplasms
  3 giant cockroaches
  8 goblins (D:2)
  5 hobgoblins
  3 jackals (D:1)
  6 quokkas
  4 bats
  A frilled lizard (D:2)
  A frilled lizard skeleton (Crypt:3)
  26 kobolds
  A kobold zombie (Crypt:3)
  An orc skeleton (Crypt:1)
  2 rats (D:2)
  A rat skeleton (Crypt:3)
  16 butterflies (Vaults:3)
2312 creatures vanquished.

Vanquished Creatures (collateral kills)
  An orc high priest (Orc:2)
  3 orc warriors (Orc:2)
  An orc priest (D:7)
5 creatures vanquished.

Vanquished Creatures (others)
  A war gargoyle (Vaults:5)
  A naga ritualist (Snake:1)
  A deep elf pyromancer (Elf:2)
  A harpy (Shoals:4)
  2 polar bears (IceCv)
  A human (D:13)
  3 orcs
10 creatures vanquished.

Grand Total: 2327 creatures vanquished

Notes
Turn   | Place    | Note
-------+----------+-------------------------------------------
     0 | D:1      | LordWeiramon the Armataur Artificer began the quest for the
                  | Orb.
     0 | D:1      | Reached XP level 1. HP: 16/16 MP: 1/1
   177 | D:1      | Reached skill level 1 in Maces & Flails
   380 | D:1      | Reached skill level 1 in Fighting
   486 | D:1      | Reached XP level 2. HP: 18/24 MP: 2/2
   488 | D:1      | Learned a level 1 spell: Magic Dart
   672 | D:2      | Noticed Robin
   686 | D:1      | Killed Robin
   702 | D:2      | Reached XP level 3. HP: 29/29 MP: 3/3
   867 | D:2      | Reached XP level 4. HP: 30/39 MP: 4/4
  1227 | D:2      | Found a glowing golden altar of the Shining One.
  1233 | D:2      | Became a worshipper of the Shining One
  1663 | D:3      | You fall into a shaft and drop 1 floor!
  1678 | D:4      | Reached XP level 5. HP: 47/48 MP: 5/5
  1949 | D:4      | Noticed Natasha
  1953 | D:4      | Killed Natasha
  1973 | D:4      | Noticed Natasha
  1982 | D:4      | Killed Natasha
  2007 | D:3      | Found a snail-covered altar of Cheibriados.
  2007 | D:3      | Found a sparkling altar of Nemelex Xobeh.
  2312 | D:4      | Found a staircase to the Ecumenical Temple.
  2336 | D:4      | Found Fodutt's General Store.
  2340 | D:4      | Bought a wand of iceblast (7) for 184 gold pieces
  2340 | D:4      | Bought a scroll of teleportation for 33 gold pieces
  2340 | D:4      | Bought a scroll of identify for 22 gold pieces
  2478 | D:4      | Noticed Natasha
  2483 | D:4      | Killed Natasha
  2484 | D:4      | Reached XP level 6. HP: 54/54 MP: 6/6
  2558 | D:5      | Entered Level 5 of the Dungeon
  2583 | D:5      | Reached skill level 5 in Maces & Flails
  2806 | D:5      | Reached * piety under the Shining One
  2808 | D:5      | Found a runed translucent gate.
  2808 | D:5      | Noticed tyreese12's ghost (amateur MiCK)
  2809 | D:5      | Found a runed translucent gate.
  2809 | D:5      | Found a runed translucent gate.
  2888 | D:5      | Noticed an orc warrior
  2891 | D:5      | Killed an orc warrior
  2892 | D:5      | Reached XP level 7. HP: 60/60 MP: 7/7
  3705 | D:6      | Reached XP level 8. HP: 66/67 MP: 6/8
  3732 | D:6      | Identified the +5 chain mail of Twilight {Int+2}
  3884 | D:6      | Noticed Grinder
  3888 | D:6      | Killed Grinder
  3889 | D:6      | Reached skill level 5 in Armour
  4134 | D:7      | Found Plog's Self-Improvement Boutique.
  4225 | D:7      | Identified the +2 ring mail of Wasted Space {rElec rPois
                  | rF- rN++}
  4608 | D:7      | Reached ** piety under the Shining One
  4654 | D:7      | Reached XP level 9. HP: 62/73 MP: 6/9
  4938 | D:7      | Reached skill level 10 in Maces & Flails
  5415 | D:8      | Noticed a cyclops
  5443 | D:8      | Killed a cyclops
  6205 | D:8      | Found a radiant altar of Vehumet.
  6438 | D:8      | Found a staircase to the Lair.
  6439 | D:8      | Noticed a komodo dragon
  6457 | D:8      | Killed a komodo dragon
  6621 | D:9      | Found Fafish's General Store.
  6629 | D:9      | Bought a scroll of identify for 24 gold pieces
  6629 | D:9      | Bought a scroll of enchant weapon for 90 gold pieces
  6731 | D:9      | Reached XP level 10. HP: 82/82 MP: 10/10
  7067 | D:9      | Found Usoxzol's Assorted Antiques.
  7075 | D:9      | Bought a clear potion for 25 gold pieces
  7075 | D:9      | Bought a scroll labelled LUV QYOMOV for 28 gold pieces
  7075 | D:9      | Bought a scroll labelled ULALEU NAMOA for 28 gold pieces
  7075 | D:9      | Bought a scroll labelled NAPTEPS JENIRA for 28 gold pieces
  7134 | D:9      | Found a runed translucent door.
  7134 | D:9      | Noticed a fire crab
  7137 | D:9      | Reached skill level 5 in Fighting
  7140 | D:9      | Noticed a harpy
  7161 | D:9      | Found Mow Ethu's Weapon Shop.
  7320 | D:9      | Noticed Pikel
  7341 | D:8      | Killed Pikel
  7531 | D:9      | Found Cajat's Jewellery Emporium.
  8053 | D:9      | Noticed a five-headed hydra
  8138 | D:5      | Reached skill level 1 in Shields
  8151 | D:5      | Killed tyreese12's ghost
  8259 | D:10     | Entered Level 10 of the Dungeon
  8363 | D:10     | Reached *** piety under the Shining One
  8415 | D:9      | Reached skill level 5 in Shields
  8625 | D:10     | Reached skill level 1 in Dodging
  8756 | D:10     | Found an ornate altar of the Wu Jian Council.
  9137 | D:11     | Noticed a skeletal warrior
  9141 | D:11     | Noticed a skeletal warrior
  9141 | D:11     | Noticed a skeletal warrior
  9142 | D:11     | Noticed a skeletal warrior
  9173 | D:10     | Killed a skeletal warrior
  9174 | D:10     | Reached XP level 11. HP: 55/94 MP: 6/11
  9359 | D:11     | Killed a skeletal warrior
  9429 | D:11     | Killed a skeletal warrior
  9639 | D:11     | Found a staircase to the Orcish Mines.
  9777 | D:11     | Identified the +1 ring mail "Ushriwka" {+Inv rC+}
 10339 | D:11     | Killed a skeletal warrior
 10570 | Lair:1   | Entered Level 1 of the Lair of Beasts
 11314 | Lair:1   | Reached skill level 10 in Armour
 12128 | Lair:2   | Reached **** piety under the Shining One
 12211 | Lair:2   | Noticed a boulder beetle
 12242 | Lair:2   | Killed a boulder beetle
 12243 | Lair:2   | Reached skill level 5 in Dodging
 12486 | Lair:2   | Noticed a death yak
 12526 | Lair:2   | Killed a death yak
 12554 | Lair:2   | Found a staircase to the Shoals.
 12716 | Lair:2   | Reached XP level 12. HP: 90/102 MP: 10/12
 12901 | Lair:2   | Found a sparkling altar of Nemelex Xobeh.
 13087 | Lair:2   | Noticed Erica
 13093 | Lair:2   | Killed Erica
 13762 | Lair:3   | Found a staircase to the Snake Pit.
 14702 | Lair:3   | Noticed a six-headed hydra
 14717 | Lair:3   | Killed a six-headed hydra
 14811 | Lair:3   | Noticed a six-headed hydra
 14815 | Lair:3   | Killed a six-headed hydra
 14938 | Lair:3   | Reached skill level 10 in Fighting
 16010 | Lair:4   | Reached XP level 13. HP: 94/120 MP: 11/13
 16658 | Lair:4   | Identified the +5 glaive of Breach {venom, rElec}
 17231 | Lair:5   | Entered Level 5 of the Lair of Beasts
 17511 | Lair:5   | Found a runed translucent door.
 17513 | Lair:5   | Noticed Shake04's ghost (journeyman VSFi)
 17536 | Lair:5   | Killed Shake04's ghost
 17538 | Lair:5   | Identified the +2 helmet of Kobarott {rF+ rC+ SInv}
 17560 | Lair:5   | Reached skill level 15 in Armour
 17674 | Lair:5   | Reached ***** piety under the Shining One
 18667 | Lair:5   | Identified a scroll of acquirement
 18671 | Lair:5   | Acquired the +1 barding of Ennui {Rampage Will+ rCorr
                  | Str+2}
 19221 | Lair:5   | Found a runed translucent door.
 19222 | Lair:5   | Found a viscous altar of Jiyva.
 19224 | Lair:5   | Found a staircase to the Slime Pits.
 19390 | Lair:5   | Reached XP level 14. HP: 81/129 MP: 9/14
 19681 | Lair:5   | Reached skill level 15 in Maces & Flails
 20116 | Lair:5   | Identified the ring of Qazlal's Favour {rC+ rCorr EV+5
                  | Stlth+}
 20122 | Lair:5   | Identified the staff of death "Farezem" {rN+ Dex+3}
 20695 | D:9      | Got the Volume of Variable Thunder
 21073 | D:12     | Noticed Maurice
 21078 | D:12     | Killed Maurice
 21125 | D:12     | Noticed Snorg
 21140 | D:12     | Killed Snorg
 21814 | D:13     | Noticed Urug
 21814 | D:13     | Found a gate to the Vaults.
 22097 | D:13     | Noticed Erolcha
 22100 | D:13     | Killed Erolcha
 22128 | D:13     | Reached ****** piety under the Shining One
 22188 | D:13     | Noticed Frances
 22195 | D:13     | Killed Frances
 22208 | D:13     | Killed Urug
 22291 | D:13     | Reached skill level 10 in Shields
 23065 | D:14     | Reached XP level 15. HP: 121/134 MP: 11/15
 23477 | D:14     | Found a sparkling altar of Nemelex Xobeh.
 23615 | D:15     | Entered Level 15 of the Dungeon
 23615 | D:15     | Found a frozen archway.
 23870 | IceCv    | Entered an ice cave
 24454 | IceCv    | Identified a +4 sacred scourge of holy wrath (a +2 demon
                  | whip of freezing blessed by the Shining One)
 24454 | IceCv    | Received a gift from the Shining One
 24465 | IceCv    | Identified the ring of the Failed Coup {Ice Stlth+}
 24491 | IceCv    | Noticed a frost giant
 24495 | IceCv    | Noticed a frost giant
 24522 | IceCv    | Killed a frost giant
 24535 | IceCv    | Killed a frost giant
 24766 | IceCv    | Noticed a frost giant
 24778 | IceCv    | Killed a frost giant
 25259 | D:15     | Found a staircase to the Depths.
 25848 | D:9      | Bought a ring of protection from fire for 275 gold pieces
 25905 | Orc:1    | Entered Level 1 of the Orcish Mines
 26061 | Orc:2    | Entered Level 2 of the Orcish Mines
 26088 | Orc:2    | Found a staircase to the Elven Halls.
 26689 | Orc:2    | Found Vacveshro's General Store.
 26702 | Orc:2    | Bought a scroll of silence for 114 gold pieces
 26702 | Orc:2    | Bought a scroll of blinking for 90 gold pieces
 26702 | Orc:2    | Bought 3 scrolls of identify for 72 gold pieces
 26861 | Orc:2    | Reached XP level 16. HP: 136/154 MP: 13/16
 27256 | Orc:2    | Identified the +3 kite shield of Evolution {MP+9 Int+3}
 27256 | Orc:2    | Noticed Donald
 27281 | Orc:2    | Killed Donald
 27518 | Orc:2    | Found Hasme's Book Shoppe.
 27518 | Orc:2    | Found Teatt's Jewellery Shoppe.
 27519 | Orc:2    | Found Uloyc's Jewellery Emporium.
 27519 | Orc:2    | Found Ufohofer's Book Shoppe.
 27530 | Orc:2    | Bought an amulet of reflection for 450 gold pieces
 27541 | Orc:2    | Bought a +5 ring of evasion for 540 gold pieces
 27867 | Snake:1  | Entered Level 1 of the Snake Pit
 28806 | Snake:1  | Acquired a manual of Fighting
 28847 | Snake:1  | Reached skill level 15 in Fighting
 28897 | Snake:2  | Found Pykhlecke's Jewellery Shoppe.
 29926 | Snake:2  | Found Falle's Magic Scroll Boutique.
 29943 | Snake:2  | Found Nigiysaoff's General Store.
 29956 | Snake:2  | Bought a scroll of blinking for 120 gold pieces
 29956 | Snake:2  | Bought 2 potions of heal wounds for 160 gold pieces
 29956 | Snake:2  | Bought a potion of might for 64 gold pieces
 29968 | Snake:2  | Found Abe Hiu's Armour Boutique.
 29990 | Snake:2  | Found Rufoxust's Jewellery Shoppe.
 30560 | Snake:3  | Noticed Aizul
 30576 | Snake:3  | Killed Aizul
 30795 | Snake:3  | Noticed Vashnia
 31264 | Snake:3  | Killed Vashnia
 31613 | Snake:3  | Found Unnech's Assorted Antiques.
 31619 | Snake:3  | Bought a bubbling ruby potion for 37 gold pieces
 31745 | Snake:3  | Reached XP level 17. HP: 176/177 MP: 17/17
 31961 | Snake:4  | Entered Level 4 of the Snake Pit
 32501 | Snake:4  | Found Qoiwopel's Book Emporium.
 32502 | Snake:4  | Found Qieral's Jewellery Boutique.
 32503 | Snake:4  | Found Atzu Mismet's Book Emporium.
 33392 | Snake:4  | Reached skill level 15 in Shields
 34083 | Snake:4  | Got a serpentine rune of Zot
 34367 | Shoals:1 | Entered Level 1 of the Shoals
 34401 | Shoals:1 | Found Cuxeash Sacw's General Store.
 34689 | Shoals:1 | Found Zibisud's Weapon Shop.
 35572 | Shoals:2 | Reached XP level 18. HP: 104/188 MP: 18/18
 36159 | Shoals:2 | Found Gemee's Weapon Shoppe.
 36475 | Shoals:3 | Noticed Polyphemus
 36587 | Shoals:3 | Killed Polyphemus
 36639 | Shoals:3 | Identified Roxanne's Spellbook of the Xenotype
 36639 | Shoals:3 | Noticed Roxanne
 36650 | Shoals:3 | Killed Roxanne
 37856 | Shoals:4 | Entered Level 4 of the Shoals
 37859 | Shoals:4 | Noticed Mlioglotl
 37881 | Shoals:4 | Noticed Nikola
 37897 | Shoals:3 | Killed Nikola
 38013 | Shoals:4 | Killed Mlioglotl
 38947 | Shoals:4 | Paralysed by a sphinx for 4 turns
 39094 | Shoals:4 | Got a barnacled rune of Zot
 39579 | Elf:1    | Entered Level 1 of the Elven Halls
 39597 | Elf:1    | Found a radiant altar of Vehumet.
 39812 | Elf:1    | Reached XP level 19. HP: 191/195 MP: 19/19
 40194 | Elf:1    | Reached skill level 10 in Dodging
 40432 | Elf:1    | Got the Secrets of Leadership
 40960 | Elf:1    | Found Siutox's Magic Scroll Emporium.
 41115 | Elf:2    | Found a flickering gateway to a bazaar.
 41122 | Elf:2    | Paralysed by an air elemental for 1 turns
 41125 | Bazaar   | Entered a bazaar
 41125 | Bazaar   | Found Tiutylef's Jewellery Emporium.
 41125 | Bazaar   | Found Bunul's Weapon Shoppe.
 41125 | Bazaar   | Found Ozonab's Book Shop.
 41152 | Bazaar   | Found Jievvuhuxt's Book Boutique.
 41477 | Elf:2    | Found a runed translucent gate.
 41478 | Elf:2    | Found a runed translucent gate.
 41478 | Elf:2    | Found a runed translucent gate.
 41709 | Elf:2    | Found an ancient bone altar of Kikubaaqudgha.
 42065 | Elf:2    | Identified the staff of air "Duthole Weng" {rElec rCorr}
 42068 | Elf:2    | Got Xureda's Information on Translocational Leadership
 42723 | Elf:3    | Entered Level 3 of the Elven Halls
 42723 | Elf:3    | Found a flickering gateway to a bazaar.
 42732 | Bazaar   | Entered a bazaar
 42736 | Bazaar   | Found Lessaos's Weapon Boutique.
 42758 | Bazaar   | Found Zeufeilu's Distillery.
 42779 | Bazaar   | Found Sosel's Armour Boutique.
 42799 | Bazaar   | Found Oseet's Antique Weapon Shoppe.
 42857 | Bazaar   | Bought a potion of heal wounds for 65 gold pieces
 42857 | Bazaar   | Bought a potion of curing for 39 gold pieces
 42857 | Bazaar   | Bought a potion of might for 52 gold pieces
 42857 | Bazaar   | Bought a potion of curing for 39 gold pieces
 42857 | Bazaar   | Bought a potion of flight for 39 gold pieces
 42857 | Bazaar   | Bought a potion of mutation for 104 gold pieces
 43144 | Elf:3    | Noticed Bai Suzhen
 43166 | Elf:3    | Killed Bai Suzhen
 43318 | Elf:3    | Paralysed by an air elemental for 1 turns
 43534 | Elf:2    | Reached XP level 20. HP: 204/204 MP: 20/20
 44054 | Elf:3    | Identified the amulet "Goannem" {Spirit rPois rC+ Str+4}
 44149 | Elf:3    | Identified the +5 spear of the Bursting Gods {elec, Int+3}
 44411 | Elf:3    | Identified the quicksilver dragon scales of Ysanogh {rElec
                  | Will+ Regen+ Int+3}
 44787 | Elf:3    | Identified the +2 pair of gloves of Context {Int+4 Dex+2}
 44811 | Elf:3    | Got the Spellbook of the Inquisitive Demons
 44844 | Elf:3    | Identified the staff of cold "Keaxzo" {rElec rF+ rC+ Dex+4}
 45085 | Vaults:1 | Entered Level 1 of the Vaults
 45157 | Vaults:1 | Identified the +5 plate armour of Dogmatism {rElec rF+}
 47000 | Vaults:2 | Acquired 718 gold pieces
 47217 | Vaults:2 | Found a staircase to the Crypt.
 47217 | Vaults:2 | Found an ancient bone altar of Kikubaaqudgha.
 47217 | Vaults:2 | Found a basalt altar of Yredelemnul.
 47424 | Vaults:2 | Noticed Sojobo
 47454 | Vaults:2 | Killed Sojobo
 47455 | Vaults:2 | Reached XP level 21. HP: 154/212 MP: 18/21
 47677 | Vaults:2 | Found Enkuuxo's Armour Boutique.
 48335 | Vaults:3 | Identified the +0 chain mail of the Four Moons {Drain
                  | rC+++}
 48578 | Vaults:3 | Found a huge runed gate.
 48578 | Vaults:3 | Found a huge runed gate.
 48578 | Vaults:3 | Found a huge runed gate.
 48578 | Vaults:3 | Found a huge runed gate.
 48578 | Vaults:3 | Found a huge runed gate.
 48579 | Vaults:3 | Found a huge runed gate.
 48579 | Vaults:3 | Found a huge runed gate.
 48579 | Vaults:3 | Found a huge runed gate.
 48579 | Vaults:3 | Found a huge runed gate.
 48579 | Vaults:3 | Found a huge runed gate.
 48580 | Vaults:3 | Found a huge runed gate.
 48581 | Vaults:3 | Found a huge runed gate.
 48581 | Vaults:3 | Found a huge runed gate.
 48582 | Vaults:3 | Found a huge runed gate.
 48583 | Vaults:3 | Found a huge runed gate.
 48584 | Vaults:3 | Found a huge runed gate.
 48602 | Vaults:3 | Found a huge runed gate.
 48602 | Vaults:3 | Found a huge runed gate.
 48602 | Vaults:3 | Found a huge runed gate.
 48602 | Vaults:3 | Found a huge runed gate.
 48602 | Vaults:3 | Found a huge runed gate.
 48602 | Vaults:3 | Found a huge runed gate.
 48603 | Vaults:3 | Found a huge runed gate.
 48604 | Vaults:3 | Found a huge runed gate.
 48605 | Vaults:3 | Found a huge runed gate.
 48613 | Vaults:3 | Found a huge runed gate.
 48613 | Vaults:3 | Found a huge runed gate.
 48613 | Vaults:3 | Found a huge runed gate.
 48613 | Vaults:3 | Found a huge runed gate.
 48613 | Vaults:3 | Found a huge runed gate.
 48613 | Vaults:3 | Found a huge runed gate.
 48614 | Vaults:3 | Found a huge runed gate.
 48615 | Vaults:3 | Found a huge runed gate.
 48616 | Vaults:3 | Found a huge runed gate.
 48643 | Vaults:3 | Found a huge runed gate.
 48643 | Vaults:3 | Found a huge runed gate.
 49022 | Vaults:3 | Identified the +2 glaive of the Reaper {flame, Int+3}
 49516 | Vaults:3 | Found the ring of the Hare {EV+10}
 49537 | Vaults:3 | Identified the ring of the Skies Above {*Slow rElec rPois
                  | Str+2 Int+6}
 50128 | Vaults:4 | Found Ecerept's General Store.
 50435 | Vaults:4 | Acquired a +1 eveningstar of flaming
 50527 | Vaults:4 | Found a portal to a secret trove of treasure.
 51115 | Elf:1    | Bought a scroll of fog for 52 gold pieces
 51115 | Elf:1    | Bought a scroll of teleportation for 39 gold pieces
 51115 | Elf:1    | Bought a scroll of enchant weapon for 97 gold pieces
 51115 | Elf:1    | Bought a scroll of enchant armour for 97 gold pieces
 51115 | Elf:1    | Bought 2 scrolls of fear for 104 gold pieces
 51387 | Shoals:1 | Bought a scroll of fear for 56 gold pieces
 51387 | Shoals:1 | Bought 3 scrolls of teleportation for 126 gold pieces
 51387 | Shoals:1 | Bought a scroll of teleportation for 42 gold pieces
 51387 | Shoals:1 | Bought a scroll of silence for 133 gold pieces
 51495 | Snake:2  | Bought a scroll of poison for 44 gold pieces
 51495 | Snake:2  | Bought a scroll of fear for 44 gold pieces
 51495 | Snake:2  | Bought a scroll of magic mapping for 82 gold pieces
 51495 | Snake:2  | Bought a scroll of acquirement for 572 gold pieces
 51495 | Snake:2  | Bought a scroll of enchant weapon for 82 gold pieces
 51495 | Snake:2  | Bought a scroll of enchant weapon for 82 gold pieces
 51495 | Snake:2  | Bought a scroll of poison for 44 gold pieces
 51497 | Snake:2  | Acquired 756 gold pieces
 51605 | D:9      | Bought a scroll of fog for 112 gold pieces
 51720 | Crypt:1  | Entered Level 1 of the Crypt
 52216 | Crypt:1  | Reached XP level 22. HP: 230/230 MP: 22/22
 52786 | Crypt:2  | Got the Catalogue of Transportation
 52883 | Crypt:2  | Noticed Grunn
 52925 | Crypt:2  | Killed Grunn
 53088 | Crypt:2  | Paralysed by a vampire knight for 4 turns
 53539 | Crypt:3  | Entered Level 3 of the Crypt
 54164 | Crypt:3  | Found a staircase to the Tomb.
 54732 | Crypt:3  | Found an ancient bone altar of Kikubaaqudgha.
 54787 | Crypt:3  | Found a basalt altar of Yredelemnul.
 54831 | Crypt:3  | Identified the +3 scimitar of Peace {freeze, +Blink}
 54875 | Crypt:3  | Identified the +4 plate armour of Astekh {rC+}
 54877 | Crypt:3  | Identified the +8 arbalest of Ybonwuq {elec, Fragile rF+
                  | Will+ Int+3}
 55087 | Depths:1 | Entered Level 1 of the Depths
 55174 | Depths:1 | Found a one-way gate to the infinite horrors of the Abyss.
 55175 | Depths:1 | Noticed Louise
 55198 | Depths:1 | Killed Louise
 55340 | Depths:1 | Reached XP level 23. HP: 235/248 MP: 20/23
 55609 | Depths:1 | Found an opulent altar of Gozag.
 55860 | Depths:1 | Found a gateway to Hell.
 56273 | Depths:2 | Found a one-way gateway to a ziggurat.
 56462 | Depths:2 | You fall into a shaft and drop 1 floor!
 56688 | Depths:2 | Paralysed by a floating eye for 3 turns
 56881 | Depths:2 | Found a one-way gate leading to the halls of Pandemonium.
 56888 | Depths:2 | Noticed Mara
 56897 | Depths:2 | Noticed LordWeiramon's illusion
 56900 | Depths:2 | Killed Mara
 57245 | Depths:2 | Got Sif Muna's Vademecum on Accompaniment
 57981 | Depths:3 | Noticed a juggernaut
 58010 | Depths:3 | Killed a juggernaut
 58315 | Depths:3 | Noticed a caustic shrike
 58327 | Depths:3 | Killed a caustic shrike
 58328 | Depths:3 | Reached XP level 24. HP: 264/264 MP: 23/23
 58467 | Depths:3 | Reached skill level 27 in Fighting
 58975 | Depths:4 | Entered Level 4 of the Depths
 58975 | Depths:4 | Noticed Margery
 59007 | Depths:4 | Killed Margery
 59296 | Depths:4 | Noticed Frederick
 59569 | Depths:4 | Killed Frederick
 59649 | Depths:4 | Found a gate to the Realm of Zot.
 60291 | Vaults:5 | Entered Level 5 of the Vaults
 60371 | Vaults:5 | Noticed Saint Roka
 60604 | Vaults:5 | Noticed an ancient lich
 60663 | Vaults:4 | Killed an ancient lich
 60682 | Vaults:4 | Killed Saint Roka
 61265 | Vaults:5 | Reached XP level 25. HP: 240/274 MP: 22/23
 61461 | Vaults:5 | Identified the ring "Binychim" {rF+ EV+5 Str+3 Slay+2}
 61544 | Vaults:5 | Identified the +10 great mace "Fiewelon" {heavy, Will+
                  | Int+3}
 61549 | Vaults:5 | Identified the +1 long sword of Uncertain Death {flame,
                  | *Slow rPois rC+++ SInv}
 61616 | Vaults:5 | Identified the -1 buckler of Qeucris {Rampage rElec Int-5
                  | Stlth+}
 62150 | Vaults:5 | Identified the +9 sling of Otraunyd {speed, rElec rPois rN+
                  | Dex+3}
 62151 | Vaults:5 | Identified the staff of cold "Wowaics" {Fragile rF++ rC+
                  | Int+4}
 62158 | Vaults:5 | Identified the staff of poison "Aliethaj" {rPois Str+5
                  | Int+3 Dex-5}
 62335 | Vaults:5 | Got Ucvaha's Parchment of Misty Contaminants
 62367 | Vaults:5 | Identified the +0 leather armour "Extapeb" {rF- Str+3
                  | Int+6}
 62370 | Vaults:5 | Got a silver rune of Zot
 62614 | Vaults:4 | You paid a toll of a +6 demon blade to enter a treasure
                  | trove
 62615 | Trove    | Entered a treasure trove
 62634 | Trove    | Identified the +0 ring mail "Tivodyha" {rPois Will+ Slay+3}
 62655 | Trove    | Identified the amulet of Eqeast {RegenMP rN+ Int+3 Dex+6}
 62661 | Trove    | Identified the amulet of Maqie {Reflect rPois rC+ Dex-5
                  | SH+5}
 62955 | Zot:1    | Entered Level 1 of the Realm of Zot
 63781 | Zot:1    | Identified the +1 great sword "Reuxium" {antimagic, rF+
                  | Int+2 Dex+3}
 63838 | Zot:2    | Noticed an orb of fire
 63842 | Zot:2    | Gained mutation: You are clumsy. (Dex -2) [an orb of fire]
 63844 | Zot:2    | Gained mutation: Your magical capacity is low. (-10% MP)
                  | [an orb of fire]
 63849 | Zot:2    | Killed an orb of fire
 63887 | Zot:2    | Noticed Ruadefo's ghost (veteran FeEE)
 63889 | Zot:2    | Noticed an orb of fire
 63948 | Zot:2    | Identified the +0 cloak of the Black Moon {Slay+3}
 63952 | Zot:2    | Found a transporter.
 63960 | Zot:2    | Identified the +8 mace of Calamity {freeze, +Blink Str+2
                  | Dex+3}
 64048 | Zot:2    | Noticed a Killer Klown
 64104 | Zot:2    | Killed a Killer Klown
 64440 | Zot:2    | Found a transporter.
 64654 | Zot:2    | Noticed an orb of fire
 64659 | Zot:2    | Gained mutation: You occasionally lose the ability to drink
                  | potions when taking damage. [an orb of fire]
 64668 | Zot:2    | Gained mutation: You occasionally lose the ability to read
                  | scrolls when taking damage. [an orb of fire]
 64672 | Zot:2    | Killed an orb of fire
 65121 | Zot:2    | Noticed an orb of fire
 65137 | Zot:2    | Killed an orb of fire
 65217 | Zot:3    | Reached XP level 26. HP: 284/284 MP: 20/20
 66808 | Zot:4    | Reached skill level 27 in Maces & Flails
 67138 | Zot:4    | Found a runed translucent gate.
 67138 | Zot:4    | Found a runed translucent gate.
 67138 | Zot:4    | Found a runed translucent gate.
 67140 | Zot:4    | Noticed Buqaf's ghost (master GnWn)
 67265 | Zot:4    | Identified the +3 falchion "Wiymous" {drain, MP+9 Str+2}
 68080 | Zot:4    | Killed Buqaf's ghost
 68123 | Zot:5    | Entered Level 5 of the Realm of Zot
 68390 | Zot:5    | Identified the orb of Luguna Ylomn {*channel, Dex+6}
 68626 | Zot:5    | Noticed a dread lich
 68629 | Zot:5    | Noticed an ancient lich
 68632 | Zot:5    | Killed a dread lich
 68647 | Zot:5    | Killed an ancient lich
 68659 | Zot:5    | Noticed an orb of fire
 68689 | Zot:5    | Gained mutation: You are frail. (-10% HP) [an orb of fire]
 68692 | Zot:5    | Killed an orb of fire
 68693 | Zot:5    | Noticed an orb of fire
 68693 | Zot:5    | Noticed an orb of fire
 68704 | Zot:5    | Noticed an ancient lich
 68711 | Zot:5    | Killed an orb of fire
 68722 | Zot:5    | Killed an orb of fire
 68726 | Zot:5    | Killed an ancient lich
 68746 | Zot:5    | Noticed a dread lich
 68765 | Zot:5    | Killed a dread lich
 68777 | Zot:5    | Noticed an orb of fire
 68789 | Zot:5    | Gained mutation: Your body sometimes deteriorates upon
                  | taking damage. [an orb of fire]
 68793 | Zot:5    | Killed an orb of fire
 68810 | Zot:5    | Reached XP level 27. HP: 213/264 MP: 1/20
 68920 | Zot:5    | Noticed an ancient lich
 68927 | Zot:5    | Killed an ancient lich
 68929 | Zot:5    | Noticed an ancient lich
 68939 | Zot:5    | Killed an ancient lich
 68948 | Zot:5    | Noticed a dread lich
 68962 | Zot:5    | Killed a dread lich
 68993 | Zot:5    | Noticed an orb of fire
 68999 | Zot:5    | Gained mutation: You sometimes lose your temper in combat.
                  | [an orb of fire]
 69002 | Zot:5    | Killed an orb of fire
 69019 | Zot:5    | Lost mutation: You occasionally lose the ability to drink
                  | potions when taking damage. [potion of mutation]
 69019 | Zot:5    | Lost mutation: Your magical capacity is low. (-10% MP)
                  | [potion of mutation]
 69019 | Zot:5    | Lost mutation: Your body sometimes deteriorates upon taking
                  | damage. [potion of mutation]
 69019 | Zot:5    | Lost mutation: You occasionally lose the ability to read
                  | scrolls when taking damage. [potion of mutation]
 69019 | Zot:5    | Lost mutation: You sometimes lose your temper in combat.
                  | [potion of mutation]
 69019 | Zot:5    | Gained mutation: Your magical capacity is low. (-10% MP)
                  | [potion of mutation]
 69019 | Zot:5    | Gained mutation: Your tail ends in a venomous barb. [potion
                  | of mutation]
 69019 | Zot:5    | Gained mutation: You are very frail. (-20% HP) [potion of
                  | mutation]
 69019 | Zot:5    | Gained mutation: You are covered in fur. (AC +1) [potion of
                  | mutation]
 69019 | Zot:5    | Gained mutation: Potions are less effective at restoring
                  | your health. [potion of mutation]
 69019 | Zot:5    | Lost mutation: You are clumsy. (Dex -2) [potion of
                  | mutation]
 69055 | Zot:5    | Noticed an orb of fire
 69058 | Zot:5    | Gained mutation: Your body sometimes deteriorates upon
                  | taking damage. [an orb of fire]
 69060 | Zot:5    | Gained mutation: You occasionally shout uncontrollably at
                  | your foes. [an orb of fire]
 69063 | Zot:5    | Gained mutation: You are extremely frail. (-30% HP) [an orb
                  | of fire]
 69068 | Zot:5    | Killed an orb of fire
 69069 | Zot:5    | Reached skill level 15 in Dodging
 69080 | Zot:5    | Noticed an ancient lich
 69081 | Zot:5    | Noticed a dread lich
 69085 | Zot:5    | Killed an ancient lich
 69099 | Zot:5    | Killed a dread lich
 69635 | Zot:5    | Got the Orb of Zot
 70060 | D:4      | Noticed Ehoast the pandemonium lord
 70070 | D:3      | Killed Ehoast the pandemonium lord
 70138 | D:$      | Escaped with the Orb!

Illustrated notes

Levels and vault maps discovered:
D:1:      minmay_arrival_radiant_lines, layout_basic
D:2:      layout_loops_cross, basic_altar, minmay_parallelograms, uniq_robin
D:3:      layout_rooms, gammafunk_temple_overflow_wave
D:4:      layout_cave_pools, temple_doors_cd, serial_column_ruins,
          column_ruins_corridor_straight, column_ruins_columns_dead_end,
          column_ruins_open_small, column_ruins_open_tiny, column_ruins_grid_4,
          column_ruins_grid_1, serial_shops, nicolae_shop_pleasant_corner_grove,
          uniq_natasha
D:5:      layout_loops_ring, gammafunk_ghost_nasty_kobolds
D:6:      layout_gridville, grunt_decor_arrowhead, hangedman_decor_riveting,
          uniq_grinder
D:7:      minmay_general_purpose_star, layout_gridville, nicolae_shop_self_help
D:8:      minmay_evil_eye, layout_gridville, vehumet_altar_wand_db,
          david_lair_shrubbed
D:9:      layout_long_grid, serial_shops, nicolae_shop_advertising_works
          [nicolae_subvault_shop_adworks], nicolae_shop_statue_plus,
          shop_fountains, shop, kb_lookout_dungeons_type, minivault_13,
          uniq_pikel
D:10:     layout_cave_pools, mainiacjoe_overflow_six_doors_small
D:11:     layout_loops_ring, david_orc_3, serial_co_window_serial,
          co_window_corner_a, co_window_paths_a, co_window_corner_a,
          co_window_corner_a, co_window_paths_a, co_window_paths_a,
          co_window_paths_b, co_window_paths_a, co_window_of_opportunity_a,
          co_window_2corner, co_window_paths_c, co_window_broadway_c,
          co_window_of_opportunity_b, co_window_2corner, co_window_paths_e,
          glass_columns_a, glass_columns_a, grunt_decor_fettered
D:12:     layout_irregular_city, bh_circular_ruins, uniq_snorg, uniq_maurice
D:13:     layout_basic, david_vaults_3, uniq_erolcha, uniq_frances
D:14:     layout_cave_pools, nemelex_lonely_heart_becter
D:15:     hangedman_depths_entry_civil_slaughter, layout_long_grid,
          portal_ice_cave_entry_ice_simulacra, minmay_misc_feat_roman
Lair:1:   layout_cave_pods
Lair:2:   layout_cave_pods, minmay_shoals_entry_centaurs, basic_altar,
          chequers_serial_rivers_micro_d, nzn_sisyphean_effort, uniq_erica
Lair:3:   layout_cave_pods, guppyfry_snake_entry_garden, beast_lair_carwin_5
Lair:4:   layout_regular_city
Lair:5:   grunt_lair_end_beastmaster, layout_layer_cave, slime_entry_2,
          gammafunk_ghost_grave, grunt_megastairs_3
Shoals:1: layout_shoals, serial_shops, shop, shop
Shoals:2: layout_shoals, serial_shops, nicolae_shop_tiny_waterfront
Shoals:3: layout_shoals, nicolae_shoals_mertower, uniq_polyphemus, uniq_roxanne
Shoals:4: shoals_end_hellmonk_lost_city, serial_shops, uniq_nikola,
          uniq_mlioglotl
Snake:1:  layout_cave_pods
Snake:2:  layout_grid_maze, serial_shops, nicolae_shop_crystal, shop, shop,
          nicolae_shop_tiny_glass, shop
Snake:3:  layout_onion_interference, serial_shops,
          nicolae_shop_just_a_little_nook, uniq_aizul, uniq_vashnia
Snake:4:  snake_pit, layout_cave_town, minmay_shop_grove
Orc:1:    layout_caves, mines4_lemuel
Orc:2:    st_orc_pillars, layout_caves, serial_shops, nicolae_shop_statue_plus,
          basic_altar, hellmonk_guarded_unrand_dark_maul, uniq_urug, uniq_donald
Elf:1:    eino_elf_arrival_altar, layout_onion_city, serial_shops,
          nicolae_shop_rolled_up, minmay_elf_demonology
Elf:2:    nicolae_elf_blades_crystal_corner, layout_loops_corners, serial_shops,
          bzr_entry_islet, basic_altar, laboratory
Elf:3:    minmay_elf_hall_furrowed, layout_loops_cross, serial_shops,
          bzr_entry_water, uniq_bai_suzhen
Vaults:1: nicolae_vaults_layer_cake_slice, hangedman_vaults_stagger,
          nicolae_vaults_sightless_eye, ontoclasm_vaults_shuriken,
          nicolae_vaults_surprise_closet_hard, nicolae_vaults_ninety_degrees,
          layout_vaults_quadrants
Vaults:2: nicolae_vaults_turnstiles, nicolae_vaults_network_quincunx
          [nicolae_vaults_network_quincunx_subvault,
          nicolae_vaults_network_quincunx_subvault,
          nicolae_vaults_network_quincunx_subvault,
          nicolae_vaults_network_quincunx_subvault,
          nicolae_vaults_network_quincunx_subvault], vaults_room_door_ring,
          nicolae_vaults_tetromino_Z_1, nicolae_vaults_house_2,
          nicolae_vaults_cornered_office, minmay_crypt_entry_necro_gods,
          vaults_mumra_lcd, nicolae_vaults_heist, vaults_room_door_ring,
          nicolae_vaults_theta, v_alt_pattern_6, v_misc_4,
          layout_vaults_big_cross, serial_shops, shop, uniq_sojobo
Vaults:3: nicolae_vaults_trapezoid_lopsided_2,
          nicolae_vaults_storage_room_doors, nicolae_vaults_lightning_bolt,
          v_misc_26, nicolae_vaults_stand_back, vaults_standard_mumra_x,
          v_rooms_2, vaults_room_hallway, not_door_vault_mu,
          hangedman_vaults_corner, nicolae_vaults_trapezoid_4,
          nicolae_vaults_swerve, layout_vaults_maze_snakey
Vaults:4: v_rooms_3, nicolae_vaults_trapezoid_1, v_alt_pattern_3,
          nicolae_vaults_surprise_closet, nicolae_vaults_frosty_reception,
          hangedman_vaults_slice, nicolae_vaults_closet_pinwheel_2,
          hangedman_vaults_river_flow, layout_vaults_big_room, serial_shops,
          shop, enter_trove_6
Vaults:5: serial_shops, uniq_saint_roka
Crypt:1:  layout_regular_city, st_stairs_6, grunt_ministairs_3,
          nicolae_crypt_little_mausoleum, grunt_megastairs_1
Crypt:2:  layout_basic, uniq_grunn
Crypt:3:  lightli_unholy_cathedral, layout_chaotic_city,
          nicolae_tomb_entry_unfolded_pyramid_diagonal
Depths:1: layout_gridlike, pf_hell_entry_great_geh,
          nicolae_abyss_entry_one_way_or_another,
          chequers_serial_rivers_small_b,
          nicolae_gozag_cash_rules_everything_around_me, firewood_loft
Depths:2: minmay_textured_paths, layout_basic, enter_ziggurat_b, pan_entry,
          hell_entry, special_room [special_room_magic_class], uniq_mara
Depths:3: minmay_crescents, layout_honeycomb, hangedman_abyss_entry_splay,
          hell_entry, infiniplex_staircase_squiggle, serial_bayou_shore_b
Depths:4: grunt_crosshair, layout_cave_pools, hell_entry, minmay_misc_feat_x,
          abyss_entry, kennysheep_random_hallway, serial_bayou_shore_a,
          uniq_frederick, uniq_margery
Zot:1:    layout_gridlike
Zot:2:    grunt_zot_stairs_mandelzot, layout_onion_interference,
          nzn_ghost_randoct
Zot:3:    layout_twisted_circle
Zot:4:    layout_onion, ebering_ghost_rock_garden, grunt_megastairs_4
Zot:5:    layout_basic, grunt_ministairs_3

Skill      XL: |  1  2  3  4  5  6  7  8  9 10 11 12 13 14 15 16 17 18 19 20 21 22 23 24 25 26 27 |
---------------+----------------------------------------------------------------------------------+-----
Maces & Flails | 1 2 3 4 6 7 9 12 13 14 16 19 20 23 26 27 | 27.0
Fighting       | 1 2 3 5 6 10 13 18 19 21 24 26 27 | 27.0
Armour         | 5 8 10 12 15 20 | 20.1
Shields        | 5 11 13 17 19 | 19.0
Dodging        | 2 5 6 9 10 14 16 | 16.1
Stealth        | |  1.1
Evocations     | |  3.0

Action                     |  1- 3 |  4- 6 |  7- 9 | 10-12 | 13-15 | 16-18 | 19-21 | 22-24 | 25-27 || total
---------------------------+-------+-------+-------+-------+-------+-------+-------+-------+-------++-------
  Melee: Whip              |    70 |   185 |   301 |   932 |   693 |       |       |       |       ||  2181
         Mace              |    10 |       |       |       |       |       |       |       |       ||    10
         Club              |     4 |       |       |       |       |       |       |       |       ||     4
         Tailslap          |     8 |    20 |    71 |   212 |   319 |   420 |   538 |   658 |   458 ||  2704
         Punch             |       |     1 |     5 |     2 |       |       |       |       |       ||     8
         Morningstar       |       |       |     5 |    12 |   347 |       |       |       |       ||   364
         Sacred scourge    |       |       |       |       |   313 |  1706 |  1994 |  2261 |  1581 ||  7855
  Throw: Dart              |       |       |     3 |       |       |       |       |       |       ||     3
         Throwing net      |       |       |       |     1 |       |       |     1 |       |       ||     2
 Invoke: Brand Weapon With |       |       |       |       |     1 |       |       |       |       ||     1
  Evoke: Wand              |     8 |    12 |    14 |    21 |    10 |     7 |     4 |     8 |     4 ||    88
         Lightning rod     |       |       |       |       |    13 |     4 |     4 |     5 |       ||    26
         Phial of floods   |       |       |       |       |       |     1 |     1 |       |       ||     2
         Phantom mirror    |       |       |       |       |       |     1 |       |       |       ||     1
    Use: Scroll            |       |     5 |     3 |    10 |    23 |     4 |    25 |    15 |     5 ||    90
         Potion            |       |       |       |       |     3 |     2 |     3 |     3 |     9 ||    20
   Stab: Sleeping          |     1 |       |       |       |       |       |       |       |       ||     1
 Armour: Leather armour    |    14 |       |       |       |       |       |       |       |       ||    14
         Ring mail         |    15 |    83 |    32 |       |       |       |       |       |       ||   130
         Chain mail        |       |       |    92 |   306 |   612 |    19 |       |       |       ||  1029
         Plate armour      |       |       |       |       |       |   286 |    66 |       |       ||   352
         Storm dragon scal |       |       |       |       |       |       |   319 |   550 |   383 ||  1252
  Dodge: Dodged            |    31 |    67 |    64 |   159 |   365 |   256 |   458 |   917 |   604 ||  2921
  Block: Buckler           |       |       |       |   100 |    76 |       |       |       |       ||   176
         Kite shield       |       |       |       |       |   423 |   474 |       |       |       ||   897
         Reflection        |       |       |       |       |       |   118 |    46 |       |       ||   164
         Tower shield      |       |       |       |       |       |   675 |  1340 |  1762 |   990 ||  4767
